AoeStats
← Padla

Arena

508416472Analyzed
3v3 RM · 9d ago on Sep 22, 2026· 61m 12s· 6 players
Game mode
Random Map
Map size
Normal (6 player)
Population
200
Speed
Normal
Resources
Standard
Victory
Conquest
Starting age
Dark Age
Ending age
Imperial Age
RankedLock teamsTeams togetherTeam positionsShared explorationLock speedFull tech treeHidden civsTurbo modeCheats
Victory
Defeat
🇹🇼 Teutons · Taiwan
720
+12
🇨🇳 Bohemians · China
641
+15
🇮🇹 Persians · Italy
528
+20
🇪🇸 Britons · Spain
786
-53
🇷🇺 Gurjaras · Russia
544
-13
🇷🇺 Khmer · Russia
542
-12
LadyBoy
9:03 Feudal Age
9:32 Double-Bit Axe
18:00 Castle Age
17:17 Gold Mining
17:50 Forging
17:35 Stone Mining
21:28 Fletching
22:13 Iron Casting
23:47 Scale Barding Armor
24:32 Bow Saw
30:29 Husbandry
30:40 Bloodlines
30:53 Chain Barding Armor
30:33 Treadmill Crane
31:31 Scale Mail Armor
36:21 Imperial Age
35:00 Bodkin Arrow
Padla
10:30 Feudal Age
16:26 Castle Age
14:25 Horse Collar
14:40 Stone Mining
14:48 Double-Bit Axe
20:12 Fletching
23:58 Heavy Plow
24:54 Padded Archer Armor
24:49 Gold Mining
26:14 Bow Saw
27:31 Bodkin Arrow
27:51 Leather Archer Armor
30:47 Gold Shaft Mining
33:09 Imperial Age
32:44 Wheelbarrow
32:53 Squires
32:39 Gambesons
32:18 Pikeman
34:02 Hand Cart
34:14 Conscription
41:34 Yeomen
40:38 Elite Longbowman
41:24 Bracer
41:55 Ring Archer Armor
41:49 Ballistics
44:39 Two-Man Saw
45:30 Forging
46:51 Scale Mail Armor
54:32 Halberdier
56:44 Chemistry
Kolbas™
9:38 Feudal Age
10:02 Horse Collar
11:07 Double-Bit Axe
19:46 Castle Age
22:15 Heavy Plow
22:33 Bow Saw
22:17 Fletching
22:33 Scale Barding Armor
26:59 Chain Barding Armor
28:31 Forging
28:21 Scale Mail Armor
32:05 Bodkin Arrow
32:11 Padded Archer Armor
32:47 Iron Casting
32:28 Chain Mail Armor
48:33 Imperial Age
46:58 Town Watch
46:59 Loom
49:41 Conscription
52:33 Double Crossbow
51:54 Elite Ballista Elephant
52:04 Elite Ballista Elephant
53:28 Bracer
54:03 Plate Barding Armor
54:31 Blast Furnace
55:40 Town Patrol
55:10 Elite Battle Elephant
烏鴉
1:30 Loom
11:52 Feudal Age
12:20 Double-Bit Axe
12:17 Horse Collar
15:21 Wheelbarrow
19:43 Castle Age
18:25 Wheelbarrow
18:42 Gold Mining
18:44 Stone Mining
19:52 Town Watch
21:12 Bow Saw
21:05 Heavy Plow
25:02 Hand Cart
29:47 Scale Barding Armor
29:53 Forging
33:45 Imperial Age
31:15 Fletching
31:34 Town Patrol
32:21 Masonry
34:56 Crenellations
35:26 Crop Rotation
35:04 Scale Mail Armor
35:30 Ballistics
36:20 Hoardings
36:46 Conscription
36:52 Cavalier
37:44 Bloodlines
38:51 Fortified Wall
38:22 Pikeman
40:33 Stone Shaft Mining
39:22 Halberdier
39:57 Heated Shot
41:51 Paladin
44:49 Chemistry
43:56 Siege Engineers
44:00 Bodkin Arrow
45:01 Chain Barding Armor
46:39 Caravan
47:11 Coinage
46:53 Guilds
47:19 Plate Barding Armor
47:19 Iron Casting
47:43 Conscription
47:59 Hoardings
47:45 Ironclad
52:00 Elite Teutonic Knight
55:33 Chain Mail Armor
56:18 Blast Furnace
55:50 Capped Ram
58:21 Two-Man Saw
58:07 Banking
patolo9393
10:49 Feudal Age
12:02 Wheelbarrow
11:19 Double-Bit Axe
11:42 Horse Collar
20:38 Castle Age
19:36 Gold Mining
21:33 Bow Saw
22:14 Gold Shaft Mining
22:39 Heavy Plow
28:39 Hand Cart
29:20 Husbandry
29:31 Bloodlines
33:53 Imperial Age
34:41 Crop Rotation
34:34 Conscription
38:56 Forging
38:52 Scale Barding Armor
38:52 Cavalier
43:05 Iron Casting
43:15 Chain Barding Armor
45:04 Blast Furnace
45:07 Savar
48:24 Plate Barding Armor
ksksdhsf
6:15 Loom
6:42 Loom
13:23 Feudal Age
15:20 Horse Collar
15:26 Double-Bit Axe
18:28 Arson
21:20 Castle Age
22:21 Heavy Plow
22:33 Bow Saw
22:31 Padded Archer Armor
22:40 Squires
22:02 Pikeman
24:27 Chemistry
26:35 Wheelbarrow
26:46 Murder Holes
27:05 Fletching
32:01 Wagenburg Tactics
34:33 Imperial Age
32:22 Hand Cart
32:20 Fortified Wall
33:29 Ballistics
35:44 Conscription
34:47 Halberdier
35:52 Leather Archer Armor
35:32 Bodkin Arrow
36:06 Elite Hussite Wagon
40:53 Ring Archer Armor
40:23 Bracer
43:46 Scale Mail Armor
43:58 Forging
45:36 Houfnice
50:37 Iron Casting
50:18 Chain Mail Armor
50:04 Bracer
52:15 Two-Man Saw
54:13 Blast Furnace
53:44 Plate Mail Armor
Connection lost

Rejoining the realm…

Still unreachable

The connection could not be restored.

Session expired

The server has moved on; the page needs a fresh start.